 Dungeon Crawl Stone Soup version 0.26.1-2-gb8aa6d0cf2 (webtiles) character file.

Game seed: 1855812720472037556

2944 Amplified the Fighter (level 9, 0/83 HPs)
             Began as a Hill Orc Transmuter on Mar 9, 2021.
             Slain by Prince Ribbit (13 damage)
             ... on level 6 of the Dungeon.
             The game lasted 00:13:56 (10613 turns).

Amplified the Fighter (Hill Orc Transmuter)        Turns: 10613, Time: 00:13:57

Health: 0/83       AC:  6    Str: 16    XL:     9   Next: 80%
Magic:  11/11      EV: 11    Int: 13    God:
Gold:   120        SH:  0    Dex: 11    Spells: 8/11 levels left

rFire    + . .     SeeInvis .   c - +5 halberd of Joxolucs {speed, rPois rC+ rN+}
rCold    + + .     Faith    +   (shield currently unavailable)
rNeg     + . .     Spirit   .   a - +1 ring mail {rC+}
rPois    +         Reflect  .   e - +0 hat
rElec    .         Harm     .   (no cloak)
rCorr    .         Rampage  .   (no gloves)
Will     .....                  (no boots)
Stlth    ..........             g - amulet of faith
HPRegen  0.23/turn              (no ring)
MPRegen  0.12/turn              (no ring)

@: confused
A: molten scales 1, deformed body, fire resistance 1, MP-powered wands
a: no special abilities


You were on level 6 of the Dungeon.
You visited 2 branches of the dungeon, and saw 8 of its levels.
You also visited: Bailey.

You collected 381 gold pieces.
You spent 261 gold pieces at shops.

Inventory:

Hand Weapons
 c - the +5 halberd of Joxolucs (weapon) {speed, rPois rC+ rN+}
   (You found it on level 7 of the Dungeon)

   Attacks with this weapon are significantly faster.
   It protects you from cold.
   It protects you from poison.
   It protects you from negative energy.
 d - a +0 antimagic flail
 h - a +1 war axe of freezing
Armour
 a - a +1 ring mail of cold resistance (worn)
 e - a +0 hat (worn)
 o - a +0 kite shield
 q - a +0 buckler
Jewellery
 g - an amulet of faith (around neck)
 m - an uncursed amulet of regeneration
Scrolls
 f - a scroll of identify
 j - a scroll of fog
 l - 3 scrolls of remove curse
 t - 2 scrolls of amnesia
 v - a scroll of enchant weapon
Potions
 b - a potion of brilliance
 k - a potion of flight
 n - a potion of magic
 p - a potion of mutation
 u - a potion of cancellation


   Skills:
 * Level 9.2 Fighting
 - Level 8.2(9.0) Axes
 - Level 2.4(5.0) Maces & Flails
 * Level 3.3(5.5) Polearms
 * Level 3.5 Armour
 - Level 1.5 Dodging
 - Level 7.3 Shields
 - Level 3.2 Unarmed Combat
 - Level 1.5 Spellcasting
 - Level 1.5 Transmutations


You had 8 spell levels left.
You knew the following spells:

 Your Spells              Type           Power        Failure   Level
a - Beastly Appendage     Tmut           10%          26%         1
b - Wereblood             Tmut           5%           36%         2

Your spell library contained the following spells:

 Spells                   Type           Power        Failure   Level
 Sandblast                Erth           2%           45%         1
 Passwall                 Tmut/Erth      2%           47%         2
 Spider Form              Tmut/Pois      1%           71%         3
 Stone Arrow              Conj/Erth      2%           83%         3
 Ice Form                 Ice/Tmut       3%           98%         4
 Petrify                  Tmut/Erth      3%           98%         4
 Blade Hands              Tmut           2%           100%        5
 Lee's Rapid Deconstruct  Erth           0%           100%        5


Dungeon Overview and Level Annotations

Branches:
Dungeon (7/15)             Temple (1/1) D:7          Bailey (visited)

Altars:
Ashenzari
Cheibriados
Dithmenos
Elyvilon
Fedhas
Gozag
Hepliaklqana
Kikubaaqudgha
Nemelex Xobeh
Qazlal
Ru
Sif Muna
Trog
Uskayaw
Vehumet
Wu Jian
Xom
Yredelemnul
Zin

Shops:
D:5 }(!!!

Annotations:
D:6 Prince Ribbit
D:7 Maggie


Innate Abilities, Weirdness & Mutations

You are partially covered in molten scales. (AC +2)
Armour fits poorly on your strangely shaped body.
Your flesh is heat resistant. (rF+)
You expend magic power (3 MP) to strengthen your wands.


Message History

The hound bites you but does no damage.
Unknown command.
The hound pauses to sniff the ground.
Prince Ribbit sighs, "It's not easy being green!"
Prince Ribbit blinks!
Unknown command.
The hound bites you but does no damage. The hound bites you.
* * * LOW HITPOINT WARNING * * *
Unknown command.
The hound bites you.
* * * LOW HITPOINT WARNING * * *
Prince Ribbit closely misses you.
Unknown command.
The hound closely misses you. Prince Ribbit hits you!
* * * LOW HITPOINT WARNING * * *
The hound bites you.
* * * LOW HITPOINT WARNING * * *
Unknown command.
Prince Ribbit closely misses you. Prince Ribbit hits you!
You die...

### #......##..####.## ##...###
####.###....####...# ##..####
###....# ###.####....###..####.
###...#..# #.....####.#...###..
....(###.## #....## ##........#
###.## ##.####.....#####..#####.#
# #.# #............##...# #..
###.# #.......F.........# ###.
.##.## ##.>....h@.........####...
.##..###..###.#........#.........
.........###..................###
...^###..#.............>....### #
.#..####....................#####
###.[.##........##..............#
# ###.....#...####..#.##.........
# #.####...## ##...####....... #
###.## ##..######..## ##......


You could see Prince Ribbit and a hound.

Vanquished Creatures
  3 yaks (D:6)
  Edmund (D:4)
  Menkaure (D:4)
  An orc warrior (Bailey)
  An ice beast (D:7)
  3 sky beasts
  A black bear (D:6)
  An ogre (D:7)
  4 centaurs
  2 bullfrogs
  A wyvern skeleton (D:6)
  3 scorpions
  3 howler monkeys (D:7)
  A bullfrog zombie (D:5)
  An orc priest (D:7)
  A bullfrog skeleton (D:5)
  A hound (D:7)
  A gnoll shaman (D:5)
  6 iguanas
  Natasha (thrice) (D:4)
  An orc wizard (D:7)
  6 worker ants
  A hound skeleton (D:5)
  A howler monkey skeleton (D:6)
  12 gnolls
  3 adders
  2 shadow imps (D:7)
  A white imp (D:7)
  An ooze (D:3)
  3 adder skeletons
  5 worms
  2 dart slugs
  4 leopard geckos
  16 orcs
  6 bats
  4 giant cockroaches
  5 goblins
  4 hobgoblins
  4 jackals (D:7)
  2 kobolds (D:1)
  3 quokkas
  A ball python (D:5)
  3 frilled lizards
  11 rats
140 creatures vanquished.

Vanquished Creatures (collateral kills)
  An orc warrior (Bailey)
  An orc (Bailey)
2 creatures vanquished.

Vanquished Creatures (others)
  2 fungi (D:5)
2 creatures vanquished.

Grand Total: 144 creatures vanquished

Notes
Turn   | Place    | Note
-------+----------+-------------------------------------------
     0 | D:1      | Amplified the Hill Orc Transmuter began the quest for the
                  | Orb.
     0 | D:1      | Reached XP level 1. HP: 16/16 MP: 3/3
   105 | D:1      | Reached XP level 2. HP: 15/23 MP: 2/4
   251 | D:1      | Reached skill level 1 in Maces & Flails
   275 | D:1      | Reached skill level 1 in Armour
   497 | D:1      | Reached skill level 2 in Fighting
   705 | D:1      | Reached XP level 3. HP: 14/29 MP: 3/5
  1250 | D:2      | Learned a level 2 spell: Wereblood
  1357 | D:3      | Reached XP level 4. HP: 33/37 MP: 2/6
  1705 | D:2      | Reached skill level 3 in Fighting
  2546 | D:3      | Reached XP level 5. HP: 42/45 MP: 7/7
  2595 | D:3      | Noticed an ogre
  3081 | D:3      | Found a glowing silver altar of Zin.
  3389 | D:4      | Reached skill level 1 in Axes
  3506 | D:4      | Noticed Natasha
  3510 | D:4      | Killed Natasha
  3511 | D:4      | Reached skill level 1 in Shields
  3800 | D:4      | Noticed Natasha
  3864 | D:4      | Killed Natasha
  3946 | D:4      | Reached skill level 4 in Fighting
  3946 | D:4      | Reached XP level 6. HP: 52/52 MP: 8/8
  4103 | D:4      | Found a white marble altar of Elyvilon.
  4106 | D:4      | Noticed Natasha
  4112 | D:4      | Killed Natasha
  4242 | D:4      | Noticed Menkaure
  4249 | D:4      | HP: 2/53 [Menkaure/nerve-wracking pain (8)]
  4251 | D:4      | Killed Menkaure
  4252 | D:4      | Reached XP level 7. HP: 25/60 MP: 9/9
  4519 | D:4      | Noticed Edmund
  4589 | D:5      | Entered Level 5 of the Dungeon
  4618 | D:5      | Gained mutation: Armour fits poorly on your strangely
                  | shaped body. [potion of mutation]
  4618 | D:5      | Gained mutation: You are partially covered in molten
                  | scales. (AC +2) [potion of mutation]
  4618 | D:5      | Gained mutation: You expend magic power (3 MP) to
                  | strengthen your wands. [potion of mutation]
  4618 | D:5      | Gained mutation: Your flesh is heat resistant. (rF+)
                  | [potion of mutation]
  4635 | D:5      | Reached skill level 5 in Fighting
  4776 | D:5      | Found Giedghun's Antique Weapon Shop.
  4845 | D:5      | Found Neantyiw's Distillery.
  4854 | D:5      | Bought a potion of might for 44 gold pieces
  4854 | D:5      | Bought a potion of ambrosia for 88 gold pieces
  4854 | D:5      | Bought a potion of curing for 33 gold pieces
  4855 | D:5      | Found a broken altar of Ashenzari.
  4878 | D:5      | Reached skill level 5 in Axes
  4970 | D:4      | Killed Edmund
  4971 | D:4      | Reached skill level 6 in Fighting
  4971 | D:4      | Reached XP level 8. HP: 29/69 MP: 10/10
  5259 | D:4      | Found a shimmering blue altar of Sif Muna.
  5259 | D:4      | Found a shadowy altar of Dithmenos.
  5305 | D:4      | Found a bloodstained altar of Trog.
  5654 | D:5      | Found Genabih's Gadget Shop.
  6221 | D:5      | Reached skill level 5 in Shields
  6463 | D:5      | Found Awnegh's Distillery.
  6486 | D:5      | Bought a potion of curing for 36 gold pieces
  6486 | D:5      | Bought a potion of heal wounds for 60 gold pieces
  6796 | D:5      | Found Raosuup's Distillery.
  7311 | D:6      | Reached skill level 7 in Fighting
  7623 | D:6      | Noticed a yak
  7623 | D:6      | Noticed a yak
  7623 | D:6      | Noticed a yak
  7637 | D:6      | Killed a yak
  7648 | D:6      | Killed a yak
  7655 | D:6      | Killed a yak
  7656 | D:6      | Reached XP level 9. HP: 81/81 MP: 11/11
  7779 | D:6      | Reached skill level 8 in Fighting
  8920 | D:7      | Noticed Prince Ribbit
  9109 | D:7      | Found a flagged portal.
  9116 | D:7      | Got a fading halberd
  9123 | D:7      | Identified the +5 halberd of Joxolucs {speed, rPois rC+
                  | rN+} (You found it on level 7 of the Dungeon)
  9125 | Bailey   | Entered a bailey
  9125 | Bailey   | Noticed an orc knight
  9125 | Bailey   | Noticed an orc knight
  9127 | Bailey   | Noticed an orc knight
  9148 | Bailey   | Reached skill level 1 in Polearms
  9800 | D:7      | Reached skill level 9 in Fighting
  9970 | D:7      | Found an opulent altar of Gozag.
 10051 | D:7      | Found a staircase to the Ecumenical Temple.
 10147 | Temple   | Entered the Ecumenical Temple
 10574 | D:7      | Noticed Maggie
 10602 | D:6      | HP: 4/83 [Prince Ribbit (5)]
 10613 | D:6      | Slain by Prince Ribbit

Illustrated notes

Levels and vault maps discovered:
D:1:      minmay_arrival_four_circles, layout_basic
D:2:      minmay_skewed_foursquare, layout_basic, st_stairs_14
D:3:      layout_loops_corners, zin_scriptorium
D:4:      layout_loops_ring, lightli_temple_of_fire, elyvilon_altar_3,
          nicolae_overflow_hidden_temple, gammafunk_temple_overflow_statue,
          uniq_edmund, uniq_natasha, uniq_menkaure
D:5:      layout_basic, serial_aquarium, aquarium_bridge_long_separate
          [aquarium_subvault_wall, aquarium_subvault_bridge,
          aquarium_subvault_wall, aquarium_subvault_wall,
          aquarium_subvault_bridge, aquarium_subvault_wall],
          aquarium_bridge_square [aquarium_subvault_bridge,
          aquarium_subvault_wall, aquarium_subvault_balcony,
          aquarium_subvault_window], aquarium_window_fake,
          aquarium_window_corner, aquarium_window_2, aquarium_view_2g,
          aquarium_pool_1, serial_shops, shop_fountains,
          nicolae_shop_window_shopping, shop, kennysheep_mini_moat,
          nicolae_shop_crystal, basic_altar
D:6:      layout_layer_cave, chequers_serial_rivers_large_a
D:7:      layout_basic, nicolae_gozag_seed_capital, temple_statues,
          enter_bailey_2, serial_corexii_hall, corexii_hall_statues_s,
          corexii_hall_statues_l, corexii_hall_statues_i,
          corexii_hall_statues_x, corexii_hall_statues_l,
          corexii_hall_statues_i, uniq_maggie, uniq_prince_ribbit1
Temple:   nicolae_temple_hex_pool

Skill      XL: |  1  2  3  4  5  6  7  8  9 |
---------------+----------------------------+-----
Maces & Flails | 1 2 |  2.4
Armour         | 1 2 3 |  3.5
Fighting       | 2 3 4 6 7 9 |  9.2
Axes           | 2 3 5 7 8 |  8.2
Shields        | 2 3 4 6 7 |  7.3
Polearms       | 3 |  3.3
Dodging        | |  1.5
Unarmed Combat | |  3.2
Spellcasting   | |  1.5
Transmutations | |  1.5

Action                   |  1- 3 |  4- 6 |  7- 9 || total
-------------------------+-------+-------+-------++-------
Melee: Mace              |   102 |    59 |       ||   161
       Unarmed           |     5 |       |       ||     5
       Kick              |     8 |       |     3 ||    11
       Headbutt          |     3 |     1 |     5 ||     9
       Punch             |     2 |       |       ||     2
       War axe           |       |    94 |   238 ||   332
       Halberd           |       |       |   111 ||   111
Throw: Throwing net      |       |     2 |     1 ||     3
 Cast: Beastly Appendage |     9 |     1 |     2 ||    12
  Use: Potion            |     5 |     5 |    13 ||    23
       Scroll            |     6 |     7 |     8 ||    21
Armor: Ring mail         |    80 |    56 |    80 ||   216
       Skin              |       |       |    24 ||    24
Dodge: Dodged            |    96 |    82 |   162 ||   340
Block: Kite shield       |       |     8 |       ||     8
       Buckler           |       |    13 |    59 ||    72
